Match 42802270
Unlisted

Match 42802270
End
Construct Infanterie Kompanie
Kettenkrad Recon Vehicle
Selects Mechanized Battlegroup
Selects Raid Package
Selects StuG Assault Group
Selects Panther Heavy Tank
Selects Mobile Repair Stations
StuG Assault Group
Construct Luftwaffe Kompanie
Support Elements
Marder III M Tank Destroyer
Marder III M Tank Destroyer
StuG Assault Group
Side Skirts
Luftwaffe Officer Quarters
Selects Stoßtruppen Assault Package
Marder III M Tank Destroyer
Construct Panzer Kompanie
Selects Zeroing Artillery Barrage
Construct Panzergrenadier Kompanie
251 Medium Carrier
Pioneer Squad
Jäger Squad
Zeroing Artillery Barrage
Marder III M Tank Destroyer
Marder III M Tank Destroyer
Zeroing Artillery Barrage
prime
Alexanderwar
tonyke
Joker
Col.Moor
.
kyo988
bryannedy723
0
0

Comments sign in to comment!

No comments posted yet!